 Dungeon Crawl Stone Soup version 0.26.0-10-g1f06aea511 (webtiles) character file.

Game seed: 9505945354216697738

197 Borgoz the Slasher (level 5, -3/45 HPs)
             Began as a Ghoul Gladiator on Jan 15, 2021.
             Slain by a river rat (5 damage)
             ... summoned by Eustachio
             ... on level 4 of the Dungeon.
             The game lasted 00:03:45 (3918 turns).

Borgoz the Slasher (Ghoul Gladiator)                Turns: 3918, Time: 00:03:46

Health: -3/45      AC:  9    Str: 15 (18) XL:     5   Next: 75%
Magic:  4/4        EV: 11    Int:  0 (3)  God:
Gold:   146        SH:  3    Dex:  8 (11) Spells: 4/4 levels left

rFire    . . .     SeeInvis +   a - +0 long sword
rCold    + . .     Faith    .   v - +0 buckler (curse)
rNeg     + + +     Spirit   .   o - +0 ring mail
rPois    ∞         Reflect  .   c - +0 helmet
rElec    .         Harm     .   x - +0 cloak
rCorr    .         Rampage  .   p - +0 pair of gloves
Will     .....                  n - +0 pair of boots
Stlth    ..........             (no amulet)
HPRegen  0.00/turn              t - ring of see invisible
MPRegen  0.09/turn              (no ring)

@: brilliant, hasted and slowed, lost intelligence
A: claws 1, cold resistance 1, negative energy resistance 3, inhibited
regeneration, torment resistance, unbreathing
a: no special abilities


You were on level 4 of the Dungeon.
You visited 1 branch of the dungeon, and saw 4 of its levels.

You collected 146 gold pieces.

Inventory:

Hand Weapons
 a - a +0 long sword (weapon)
Missiles
 d - 3 throwing nets (quivered)
Armour
 c - a +0 helmet (worn)
 n - a +0 pair of boots (worn)
 o - a +0 ring mail (worn)
 p - a +0 pair of gloves (worn)
 v - a cursed +0 buckler (worn)
 x - a +0 cloak (worn)
Jewellery
 k - an uncursed ring of ice
 l - an uncursed ring of fire
 t - a ring of see invisible (left hand)
 w - a cursed ring of teleportation {unknown}
Scrolls
 e - a scroll of magic mapping {unknown}
 f - a scroll of noise {unknown}
 g - a scroll of enchant weapon {unknown}
 h - a scroll of remove curse {unknown}
 j - 5 scrolls of identify {unknown}
 q - 2 scrolls of teleportation {unknown}
 u - a scroll of amnesia {unknown}
Potions
 b - a potion of brilliance
 i - a potion of lignification {unknown}
 m - 2 potions of degeneration


   Skills:
 + Level 3.1 Fighting
 * Level 4.0 Long Blades
 - Level 1.7 Throwing
 * Level 2.4 Armour
 + Level 3.3 Dodging
 + Level 0.5 Shields


You had 4 spell levels left.
You didn't know any spells.
Your spell library was empty.

Dungeon Overview and Level Annotations

Branches:
Dungeon (4/15)
 Temple: D:4-7

Altars:
Dithmenos
Nemelex Xobeh

Annotations:
D:4 Eustachio


Innate Abilities, Weirdness & Mutations

You thrive by killing the living.
You are immune to poison.
You have sharp fingernails.
Your flesh is cold resistant. (rC+)
You are immune to negative energy. (rN+++)
You do not regenerate when monsters are visible.
You are immune to unholy pain and torment.
You can survive without breathing.


Message History

The bat hits you but does no damage. The quokka bites you.
* * * LOW HITPOINT WARNING * * *
Eustachio mumbles some strange words.
Eustachio blinks!
The quokka bites you but does no damage.
The bat hits you but does no damage.
The quokka bites you but does no damage.
You can move again.
Unknown command.
It was a potion of haste.
You feel yourself speed up. The bat hits you but does no damage.
The river rat bites you but does no damage.
The phantom barely misses you.
You riposte.
You slash the phantom!
The phantom is lightly damaged.
Eustachio growls, "To hell with you, honourless miscreant!"
The quokka closely misses you.
You riposte.
You hit the quokka but do no damage.
The quokka is severely wounded.
The bat misses you. The river rat bites you.
You die...

#.#. ###########...
...[..........
####...###.#. #####
#...# #.#. #...#
#...# #.#.
#...#######...# #.##
#...@.....?...# #.##
#..@r.........###.##
#.brW.............##
#.............######
###........##.# .
#........# .# ..
#........# .# ###
#.........
######.#### #.#


You could see Eustachio, a phantom, a river rat (summoned), a quokka (summoned)
and a bat (summoned).

Vanquished Creatures
  A bullfrog skeleton (D:4)
  An iguana (D:4)
  4 adders
  An ooze (D:2)
  A worm (D:4)
  4 leopard geckos
  An orc (D:3)
  3 ball pythons
  9 bats
  7 giant cockroaches
  8 goblins
  12 hobgoblins
  10 jackals
  2 quokkas (D:2)
  4 frilled lizards
  14 kobolds
  4 rats
86 creatures vanquished.

Notes
Turn   | Place    | Note
-------+----------+-------------------------------------------
     0 | D:1      | Borgoz the Ghoul Gladiator began the quest for the Orb.
     0 | D:1      | Reached XP level 1. HP: 17/17 MP: 0/0
   412 | D:1      | Reached XP level 2. HP: 24/24 MP: 1/1
   483 | D:1      | Reached skill level 3 in Long Blades
   483 | D:1      | Reached skill level 1 in Armour
   847 | D:1      | Reached XP level 3. HP: 30/30 MP: 2/2
  1748 | D:2      | Reached XP level 4. HP: 37/37 MP: 3/3
  2666 | D:3      | Reached XP level 5. HP: 45/45 MP: 4/4
  3588 | D:4      | Found a shadowy altar of Dithmenos.
  3611 | D:4      | Found a sparkling altar of Nemelex Xobeh.
  3659 | D:4      | Reached skill level 4 in Long Blades
  3888 | D:4      | Noticed a phantom
  3889 | D:4      | Noticed Eustachio
  3916 | D:4      | Lost intelligence.
  3916 | D:4      | HP: 2/45 [quokka[Eustachio] (4)]
  3918 | D:4      | Slain by a river rat

Illustrated notes

Levels and vault maps discovered:
D:1:      eino_arrival_tree_alley, layout_basic, minmay_cut_off
D:2:      layout_basic
D:3:      layout_basic
D:4:      minmay_chambers_of_threes, layout_basic, nemelex_altar_shiori,
          temple_hall, grunt_dithmenos_smoke, uniq_eustachio, uniq_grinder

Skill      XL: |  1  2  3  4  5 |
---------------+----------------+-----
Long Blades    | 3 4 |  4.0
Armour         | 1 2 |  2.4
Dodging        | 3 |  3.3
Fighting       | 3 |  3.1
Throwing       | |  1.7
Shields        | |  0.5

Action                   |  1- 3 |  4- 6 || total
-------------------------+-------+-------++-------
Melee: Long sword        |   148 |   167 ||   315
  Use: Potion            |       |     5 ||     5
Armor: Leather armour    |    71 |       ||    71
       Ring mail         |    30 |   115 ||   145
Dodge: Dodged            |   142 |   169 ||   311
Block: Buckler           |       |    17 ||    17
       Rpst.: Long sword |    38 |    61 ||    99
